AoeStats
← kaar

Black Forest

509594151Analyzed
3v3 RM · 6d ago on Sep 27, 2026· 56m 17s· 6 players
Game mode
Random Map
Map size
Normal (6 player)
Population
200
Speed
Normal
Resources
Standard
Victory
Conquest
Starting age
Dark Age
Ending age
Imperial Age
RankedLock teamsTeams togetherTeam positionsShared explorationLock speedFull tech treeHidden civsTurbo modeCheats
Victory
Defeat
🇮🇳 Tupi · India
1342
+9
🇧🇪 Britons · Belgium
1285
+11
🇮🇳 Persians · India
1247
+11
🇿🇦 Italians · South Africa
1188
-11
🇯🇵 Sicilians · Japan
1177
-11
🇩🇪 Franks · Germany
1131
-9
jAi
0:48 Loom
10:43 Feudal Age
17:05 Castle Age
16:36 Fletching
17:51 Double-Bit Axe
18:54 Bodkin Arrow
25:07 Padded Archer Armor
25:18 Forging
27:06 Bow Saw
28:17 Ballistics
28:16 Town Watch
34:07 Imperial Age
32:15 Wheelbarrow
33:09 Leather Archer Armor
34:55 Bracer
36:07 Chemistry
37:03 Curare
39:06 Two-Man Saw
39:46 Conscription
40:47 Ring Archer Armor
47:50 Elite Blackwood Archer
52:47 Spies/Treason
kaar
4:28 Loom
10:27 Feudal Age
11:00 Double-Bit Axe
12:22 Wheelbarrow
14:41 Horse Collar
16:38 Scale Barding Armor
16:44 Forging
22:49 Castle Age
23:54 Husbandry
27:19 Bow Saw
27:13 Heavy Plow
27:45 Gold Mining
33:03 Hand Cart
32:36 Town Watch
35:51 Imperial Age
35:19 Fletching
35:49 Chain Barding Armor
36:05 Iron Casting
35:31 Scale Mail Armor
36:28 Stone Mining
37:14 Gold Shaft Mining
38:51 Stone Shaft Mining
38:30 Bloodlines
37:41 Cavalier
40:24 Chemistry
39:16 Savar
40:55 Ballistics
40:47 Masonry
41:43 Conscription
42:39 Heavy Camel Rider
44:20 Plate Barding Armor
45:17 Blast Furnace
44:32 Guilds
51:14 Spies/Treason
Chiki_Chiki_BANGBANG
0:32 Loom
11:57 Feudal Age
21:20 Horse Collar
24:08 Castle Age
22:28 Double-Bit Axe
25:49 Bow Saw
25:29 Pikeman
27:25 Wheelbarrow
30:00 Scale Mail Armor
32:11 Hand Cart
35:22 Heavy Plow
36:09 Town Watch
37:17 Town Patrol
40:08 Imperial Age
38:26 Squires
39:05 Chain Mail Armor
38:51 Padded Archer Armor
38:41 Fletching
39:02 Forging
42:24 Chemistry
41:11 Halberdier
44:11 Plate Mail Armor
44:16 Iron Casting
47:33 Blast Furnace
49:15 Leather Archer Armor
49:55 Gambesons
51:23 Bodkin Arrow
51:58 Ring Archer Armor
51:59 Ballistics
52:31 Spies/Treason
53:33 Man-at-Arms
53:59 Arson
55:21 Two-Man Saw
55:35 Capped Ram
tHeDesiRe
4:13 Loom
11:28 Feudal Age
14:58 Castle Age
12:54 Double-Bit Axe
16:09 Scale Barding Armor
17:18 Bow Saw
24:47 Wheelbarrow
24:04 Town Watch
26:17 Husbandry
26:28 Forging
26:27 Stone Mining
28:10 Gold Mining
29:33 Chain Barding Armor
29:49 Iron Casting
30:18 Hand Cart
33:32 Imperial Age
31:16 Fletching
34:15 Cavalier
35:37 Plate Barding Armor
35:38 Iron Casting
35:23 Bodkin Arrow
35:28 Padded Archer Armor
36:32 Caravan
36:45 Town Patrol
36:51 Cranequins
38:40 Gold Shaft Mining
37:41 Capped Ram
37:50 Onager
39:25 Paladin
42:00 Blast Furnace
41:49 Heavy Mounted Crossbowman
43:26 Leather Archer Armor
45:15 Conscription
Jongboog
0:35 Loom
14:01 Feudal Age
15:22 Wheelbarrow
18:11 Castle Age
16:10 Double-Bit Axe
23:07 Fletching
28:43 Husbandry
28:27 Horse Collar
33:26 Bow Saw
34:05 Bodkin Arrow
34:11 Padded Archer Armor
37:50 Imperial Age
35:38 Hand Cart
38:01 Ballistics
40:32 Chemistry
38:56 Onager
40:16 Heavy Plow
40:44 Conscription
42:16 Bloodlines
41:28 Light Cavalry
43:03 Elite Genoese Crossbowman
44:42 Murder Holes
only vills
7:13 Loom
20:47 Feudal Age
21:47 Town Watch
21:51 Double-Bit Axe
Connection lost

Rejoining the realm…

Still unreachable

The connection could not be restored.

Session expired

The server has moved on; the page needs a fresh start.